 Dungeon Crawl Stone Soup version 0.22.1-1-ga44c0e56f4 (webtiles) character file.

15526 Gargoyl the Schismatic (level 12, -14/100 HPs)
             Began as a Centaur Abyssal Knight on Nov 10, 2018.
             Was an Elder of Lugonu.
             Demolished by a death yak (20 damage)
             ... on level 2 of the Lair of Beasts.
             The game lasted 00:21:25 (16869 turns).

Gargoyl the Schismatic (Centaur Abyssal Knight)    Turns: 16869, Time: 00:21:26

Health: -14/100    AC: 18    Str: 22    XL:     12   Next: 2%
Magic:  24/28      EV:  6    Int: 11    God:    Lugonu [****..]
Gold:   666        SH:  0    Dex: 11    Spells: 11/11 levels left

rFire    . . .     SeeInvis .   r - +6 quarterstaff "Epninnat" {crush, +Fly MR+ MP+9 Str+4}
rCold    . . .     Gourm    .   (shield currently unavailable)
rNeg     . . .     Faith    .   f - +0 plate armour
rPois    .         Spirit   .   w - +2 helmet
rElec    .         Reflect  .   y - +0 cloak
rCorr    .         Harm     .   n - +0 pair of gloves
MR       +....                  (no barding)
Stlth    ..........             q - amulet of rage
HPRegen  0.26/turn              A - +3 ring of slaying
MPRegen  0.21/turn              C - +4 ring of slaying

@: berserk cooldown, slowed
A: large, hooves 3, deformed body, speed 2, tough skin 3
a: Depart the Abyss, Bend Space, Banish, Corrupt, Renounce Religion, Evoke
Berserk Rage, Evoke Flight


You were on level 2 of the Lair of Beasts.
You worshipped Lugonu.
Lugonu was greatly pleased with you.
You were not hungry.

You visited 2 branches of the dungeon, and saw 12 of its levels.
You visited the Abyss 1 time.

You collected 666 gold pieces.

Inventory:

Hand Weapons
 a - a +2 hand axe
 r - the +6 quarterstaff "Epninnat" (weapon) {crush, +Fly MR+ MP+9 Str+4}
   (You found it on level 9 of the Dungeon)

   It inflicts extra damage upon your enemies.
   It affects your strength (+4).
   It affects your resistance to hostile enchantments.
   It affects your magic capacity (+9).
   It lets you fly.
 B - a cursed +0 war axe
Missiles
 o - 6 javelins (quivered)
Armour
 f - a +0 plate armour (worn)
 n - a +0 pair of gloves (worn)
 w - a +2 helmet (worn)
 y - a +0 cloak (worn)
Jewellery
 j - an uncursed ring of protection from magic
 q - an amulet of rage (around neck)
 t - an uncursed ring of protection from fire
 A - a +3 ring of slaying (left hand)
 C - a +4 ring of slaying (right hand)
Wands
 h - a wand of acid (8)
 k - a wand of random effects (80)
 x - a wand of flame (50)
 D - a wand of scattershot (5)
 G - a wand of disintegration (9)
Scrolls
 b - 3 scrolls of fear
 d - a scroll of identify
 g - 2 scrolls of amnesia
 i - 2 scrolls of remove curse
 m - 2 scrolls of fog
Potions
 e - 3 potions of resistance
 l - 2 potions of flight
 p - a potion of curing
 s - a potion of brilliance
 u - 3 potions of heal wounds
 v - 4 potions of berserk rage
 z - 4 potions of agility {unknown}
 E - a potion of degeneration {unknown}
 F - a potion of lignification
 H - 2 potions of mutation {unknown}
Comestibles
 c - 17 rations


   Skills:
 + Level 7.5 Fighting
 + Level 7.8 Axes
 + Level 5.1 Staves
 + Level 4.2 Throwing
 * Level 9.4 Armour
 + Level 2.9 Dodging
 * Level 9.8 Invocations
 + Level 3.6 Evocations


You had 11 spell levels left.
You didn't know any spells.
Your spell library contained the following spells:

 Spells                   Type           Power        Failure   Level  Hunger
 Confusing Touch          Hex            #.....       99%         1    ##.....
 Infusion                 Chrm           #...         99%         1    ##.....
 Shroud of Golubria       Chrm/Tloc      #.........   100%        2    ###....
 Song of Slaying          Chrm           #.......     100%        2    ###....
 Confuse                  Hex            #.......     100%        3    ####...
 Gell's Gravitas          Tloc           #.........   100%        3    ####...
 Regeneration             Chrm/Necr      #.........   100%        3    ####...
 Spectral Weapon          Hex/Chrm       #.......     100%        3    ####...
 Petrify                  Tmut/Erth      #.......     100%        4    #####..
 Metabolic Englaciation   Hex/Ice        #.........   100%        5    ######.
 Yara's Violent Unravell  Hex/Tmut       #.........   100%        5    ######.


Dungeon Overview and Level Annotations

Branches:
Dungeon (10/15)            Temple (0/1) D:7            Lair (2/6) D:8
  Swamp: Lair:2-4    Shoals: Lair:2-4     Snake: Lair:2-4    Spider: Lair:2-4
    Orc: D:9-12

Altars:
Ashenzari
Dithmenos
Elyvilon
Gozag
Kikubaaqudgha
Makhleb
Nemelex Xobeh
Qazlal
The Shining One

Portals:
Trove: D:10 (give 5 scrolls of blinking)


Innate Abilities, Weirdness & Mutations

You have hooves in place of feet.
Armour fits poorly on your strangely shaped body.
You cover ground very quickly.
You have extremely tough skin. (AC +3)


Message History

You are no longer berserk.
You are exhausted.
You feel yourself slow down.
You feel better.
Okay, then.
Okay, then.
As you read the scroll of fear, it crumbles to dust.
You assume a fearsome visage.
The death yak looks frightened!
The death yak resists with almost no effort.
The death yak gores you.
* * * LOW HITPOINT WARNING * * *
The death yak gores the plant!
The death yak gores you.
* * * LOW HITPOINT WARNING * * *
Press: ? - help, Shift-Dir - straight line, f - death yak
Aim: a death yak (heavily wounded, chance to defeat MR: 23%)
The death yak resists with almost no effort.
You feel somewhat more hungry.
You can no longer gate yourself to the Abyss.
The death yak gores you!!
You die...

##..##...## .
######.##
####.⌠.##
#.......#
##.⌠.<..+
#####.....#
#PY.†#.⌠.#..#
##.††####..#...
#...Y@....# #+
................
####........#.#.
#........#..
##..###.## ####
##


You could see 2 death yaks.

Vanquished Creatures
  A two-headed ogre (D:10)
  2 death yaks (Lair:2)
  An unseen horror (D:10)
  A black mamba (Lair:1)
  A gargoyle (D:10)
  3 spiny frogs
  A komodo dragon (Lair:1)
  A guardian mummy (D:10)
  A blink frog (Lair:1)
  A hornet (D:8)
  4 hippogriffs
  Prince Ribbit (D:7)
  14 yaks
  Menkaure (D:6)
  A porcupine (Lair:1)
  2 orc warriors (D:10)
  A black bear (Lair:1)
  3 ice beasts
  3 phantoms
  7 ogres
  6 wolves
  3 centaurs
  2 crocodiles
  2 big kobolds (D:9)
  3 bullfrogs
  A wyvern skeleton (D:6)
  2 scorpions
  3 killer bees (D:8)
  2 howler monkeys
  3 crimson imps
  7 hounds
  3 jellies
  A gnoll shaman (D:4)
  10 orc priests
  Crazy Yiuf (D:4)
  10 orc wizards
  2 bullfrog skeletons (D:9)
  2 centaur skeletons
  2 iguanas
  13 worker ants
  2 hound zombies
  A mummy (D:8)
  A howler monkey skeleton (D:4)
  A howler monkey zombie (D:9)
  2 worker ant zombies
  Robin (D:4)
  11 adders
  11 gnolls
  2 shadow imps
  3 oozes
  2 adder skeletons
  A worm (D:4)
  A dart slug (D:1)
  4 leopard geckos
  54 orcs
  A ball python (D:4)
  5 giant cockroaches
  12 goblins
  11 hobgoblins
  14 jackals
  20 kobolds
  6 quokkas
  8 bats
  2 frilled lizards
  A leopard gecko skeleton (D:6)
  A quokka skeleton (D:6)
  A quokka zombie (D:5)
  8 rats
315 creatures vanquished.

Vanquished Creatures (others)
  A two-headed ogre (D:9)
  A komodo dragon (Lair:1)
  A troll (D:8)
  2 hornets (D:8)
  A wolf (D:8)
  An ice beast (D:9)
  An electric eel (D:8)
  A fungus (Lair:1)
  2 starspawn tentacles (Abyss:1)
11 creatures vanquished.

Grand Total: 326 creatures vanquished

Notes
Turn   | Place    | Note
-------+----------+-------------------------------------------
     0 | Abyss:1  | Gargoyl the Centaur Abyssal Knight began the quest for the
                  | Orb.
     0 | Abyss:1  | Reached XP level 1. HP: 19/19 MP: 2/2
    45 | Abyss:1  | Noticed a tentacled starspawn
    87 | Abyss:2  | Noticed a small abomination
    89 | D:1      | Escaped the Abyss
   194 | D:1      | Reached * piety under Lugonu
   270 | D:1      | Reached XP level 2. HP: 23/26 MP: 3/3
   569 | D:1      | Found a sparkling altar of Nemelex Xobeh.
  1181 | D:2      | Reached XP level 3. HP: 21/31 MP: 4/4
  1394 | D:2      | Found a sparkling altar of Nemelex Xobeh.
  1517 | D:2      | Reached XP level 4. HP: 33/40 MP: 5/5
  1968 | D:2      | You fall through a shaft for 2 floors!
  2150 | D:4      | Found an ancient bone altar of Kikubaaqudgha.
  2171 | D:4      | Reached XP level 5. HP: 40/46 MP: 5/7
  2270 | D:3      | Reached ** piety under Lugonu
  3407 | D:3      | Noticed a fire elemental
  3425 | D:3      | Found a stormy altar of Qazlal.
  3434 | D:3      | Noticed a water elemental
  3435 | D:3      | Noticed an air elemental
  3856 | D:3      | Reached XP level 6. HP: 40/52 MP: 8/8
  4124 | D:4      | Noticed Robin
  4247 | D:4      | Killed Robin
  4253 | D:4      | Reached *** piety under Lugonu
  4559 | D:4      | Reached XP level 7. HP: 22/59 MP: 9/9
  4960 | D:4      | Found a shadowy altar of Dithmenos.
  5143 | D:4      | Found an opulent altar of Gozag.
  5145 | D:4      | Found a white marble altar of Elyvilon.
  5696 | D:4      | Found a runed door.
  5700 | D:4      | Noticed Crazy Yiuf
  5717 | D:4      | Killed Crazy Yiuf
  5974 | D:5      | Entered Level 5 of the Dungeon
  6360 | D:5      | Reached **** piety under Lugonu
  6931 | D:5      | Reached XP level 8. HP: 50/67 MP: 11/11
  7261 | D:6      | Found a burning altar of Makhleb.
  7431 | D:6      | Reached skill level 5 in Axes
  7461 | D:6      | Reached skill level 5 in Armour
  8003 | D:6      | Noticed Menkaure
  8018 | D:6      | Killed Menkaure
  8295 | D:6      | Reached XP level 9. HP: 75/75 MP: 11/14
  8553 | D:7      | Noticed Prince Ribbit
  8877 | D:7      | Killed Prince Ribbit
  9333 | D:7      | Found a glowing golden altar of the Shining One.
  9954 | D:7      | Found a staircase to the Ecumenical Temple.
  9990 | D:7      | Reached XP level 10. HP: 82/83 MP: 15/15
 10416 | D:8      | HP: 4/83 [troll (7)]
 10989 | D:8      | Paralysed by a hornet for 2 turns
 11777 | D:8      | Found a staircase to the Lair.
 12032 | D:8      | Found a shattered altar of Ashenzari.
 12325 | Lair:1   | Entered Level 1 of the Lair of Beasts
 12979 | D:9      | Noticed a two-headed ogre
 13000 | D:9      | Noticed a two-headed ogre
 13006 | D:9      | Banished a two-headed ogre
 13090 | D:9      | Got a dazzling quarterstaff
 13091 | D:9      | Identified the +6 quarterstaff "Epninnat" {crush, +Fly MR+
                  | MP+9 Str+4} (You found it on level 9 of the Dungeon)
 13760 | D:10     | Entered Level 10 of the Dungeon
 13802 | D:10     | Killed an unseen horror
 13802 | D:10     | Reached XP level 11. HP: 52/91 MP: 17/17
 13983 | D:10     | Reached skill level 1 in Staves
 14231 | D:10     | Found a portal to a secret trove of treasure.
 14439 | D:10     | Noticed a two-headed ogre
 14451 | D:10     | Killed a two-headed ogre
 15571 | Lair:1   | Reached ***** piety under Lugonu
 16823 | Lair:2   | Noticed a death yak
 16823 | Lair:2   | Noticed a death yak
 16833 | Lair:2   | Noticed a death yak
 16850 | Lair:2   | Noticed a death yak
 16850 | Lair:2   | Noticed a death yak
 16857 | Lair:2   | Killed a death yak
 16860 | Lair:2   | Killed a death yak
 16860 | Lair:2   | Reached skill level 5 in Staves
 16860 | Lair:2   | Reached XP level 12. HP: 47/100 MP: 19/19
 16864 | Lair:2   | HP: 2/150 [death yak (18)]
 16869 | Lair:2   | Demolished by a death yak

Skill      XL: |  1  2  3  4  5  6  7  8  9 10 11 |
---------------+----------------------------------+-----
Axes           | 2 3 4 6 7 |  7.8
Armour         | 2 3 4 6 7 8 9 |  9.4
Fighting       | 4 6 7 |  7.5
Invocations    | 3 4 7 8 9 |  9.8
Throwing       | 4 |  4.2
Dodging        | 2 |  2.9
Evocations     | 3 |  3.6
Staves         | 5 |  5.1

Action                   |  1- 3 |  4- 6 |  7- 9 | 10-12 || total
-------------------------+-------+-------+-------+-------++-------
Melee: Hand axe          |    75 |   256 |   375 |   256 ||   962
       Kick              |    12 |    44 |    84 |   115 ||   255
       Quarterstaff      |       |       |       |   231 ||   231
Throw: Tomahawk          |       |       |     3 |       ||     3
       Javelin           |       |       |     5 |    17 ||    22
Invok: Depart the Abyss  |     1 |       |       |       ||     1
       Banish            |       |       |       |    10 ||    10
       Bend Space        |       |       |       |     1 ||     1
 Abil: Evoke Berserk Rag |       |       |     1 |     7 ||     8
Evoke: Wand              |       |     2 |       |     2 ||     4
  Use: Scroll            |     1 |    12 |     3 |     6 ||    22
       Potion            |     2 |     2 |     4 |     4 ||    12
  Eat: Chunk             |       |     5 |    14 |    18 ||    37
       Ration            |       |     1 |     1 |     3 ||     5
Armor: Plate armour      |    90 |   202 |   296 |   399 ||   987
       Skin              |       |    27 |     1 |       ||    28
Dodge: Dodged            |     6 |    29 |    62 |   117 ||   214
